 Dungeon Crawl Stone Soup version 0.31-a0-543-geaa9c7a2c0 (webtiles) character file.

Game seed: 7376991580099306303

484 Conn the Sneak (level 7, -3/63 HPs)
             Began as an Octopode Fire Elementalist on Aug 15, 2023.
             Slain by an iguana (8 damage)
             ... on level 5 of the Dungeon.
             The game lasted 00:09:54 (4049 turns).

Conn the Sneak (Octopode Fire Elementalist)         Turns: 4049, Time: 00:09:55

Health: -3/63      AC:  3    Str:  8    XL:     7   Next: 12%
Magic:  2/13       EV: 13    Int: 19    God:
Gold:   139        SH:  5    Dex: 12    Spells: 3/14 levels left

rFire   . . .        g - staff of death
rCold   + . .        (no shield)
rNeg    + . .        (helmet restricted)
rPois   .            j - amulet of reflection
rElec   .            b - ring of protection from cold
rCorr   .            (no ring)
SInv    .            (no ring)
Will    .....        (no ring) Stlth
                     (no ring)
HPRegen 0.30/turn    (no ring)
MPRegen 0.13/turn    (no ring)
                     (no ring)

%: reflection
@: berserking, very quick
A: almost no armour, amphibious, 8 rings, camouflage 1, gelatinous body 1,
(nimble swimmer 1), tentacles, iridescent scales 1
a: no special abilities


You were on level 5 of the Dungeon.
You visited 1 branch of the dungeon, and saw 5 of its levels.
You also visited: Sewer.

You collected 139 gold pieces.

Inventory:

Hand Weapons
 e - a +1 dagger
Magical Staves
 g - a staff of death (weapon)
 q - a staff of poison
Jewellery
 b - a ring of protection from cold (left tentacle)
 j - an amulet of reflection (around mantle)
Wands
 m - a wand of mindburst (16)
Scrolls
 d - 4 scrolls of teleportation
 h - a scroll of immolation
 i - a scroll of torment
 o - a scroll of poison
 p - a scroll of enchant armour
 s - a scroll of revelation
Potions
 a - a potion of magic
 c - 2 potions of berserk rage
 f - a potion of lignification {unknown}
 k - a potion of might {unknown}
 l - a potion of mutation
 n - 2 potions of curing
 r - a potion of cancellation {unknown}
 t - a potion of enlightenment {unknown}


   Skills:
 + Level 0.8 Fighting
 + Level 0.1 Short Blades
 + Level 0.6 Staves
 + Level 2.3 Dodging
 + Level 4.2 Stealth
 + Level 0.2 Shields
 * Level 4.2 Spellcasting
 * Level 3.3 Conjurations
 * Level 1.8 Necromancy
 + Level 4.2 Fire Magic


You had 3 spell levels left.
You knew the following spells:

 Your Spells              Type           Power      Damage    Failure   Level
a - Foxfire               Conj/Fire      72%        2x1d7     3%          1
b - Scorch                Fire           40%        2d6       3%          2
c - Inner Flame           Hex/Fire       12%        N/A       17%         3
d - Flame Wave            Conj/Fire      18%        2d7       28%         4
e - Summon Small Mammal   Summ           12%        N/A       14%         1

Your spell library contained the following spells:

 Spells                   Type           Power      Damage    Failure   Level
 Volatile Blastmotes      Fire/Tloc      24%        2d12      17%         3
 Call Canine Familiar     Summ           3%         N/A       38%         3
 Summon Guardian Golem    Hex/Summ       3%         N/A       38%         3


Dungeon Overview and Level Annotations

Branches:
Dungeon (5/15)              Sewer (visited)
 Temple: D:4-7

Altars:
Zin

Shops:
D:1 ??   D:3 [

Annotations:
D:3 1 runed translucent door, Kiciri's ghost, amateur DjDe


Innate Abilities, Weirdness & Mutations

You cannot wear most types of armour.
You are amphibious.
You can wear up to eight rings at the same time.
Your skin changes colour to match your surroundings (Stealth+).
Your rubbery body absorbs attacks. (AC +1, EV +1)
((You are camouflaged when in or above water. (Stealth+)))
You have tentacles for arms and can constrict up to eight enemies at once.
You are partially covered in iridescent scales. (AC +2)


Message History

The scorpion is severely wounded.
You constrict the scorpion, but do no damage.
The scorpion is no longer more vulnerable to fire.
The scorpion barely misses you.
You hit the scorpion. You squeeze the scorpion.
You kill the scorpion!
An iguana comes into view.
The hound bites you.
Your Spellcasting skill increases to level 4!
You have reached level 7!
Unknown command.
Unknown command.
The iguana hisses angrily.
You hit the hound. You grab the hound. Your squeeze misses the hound.
The hound is lightly wounded.
You constrict the hound, but do no damage.
You block the hound's attack. x2
You hit the hound.
The hound is moderately wounded.
You constrict the hound. The hound bites you. The iguana bites you!
* * * LOW HITPOINT WARNING * * *
The hound barely misses you.
A red film seems to cover your vision as you go berserk!
You feel yourself moving faster!
You feel mighty!
You constrict the hound. The hound misses you. You block the iguana's attack.
You hit the hound!
You kill the hound!
You hit the iguana. Your grab misses the iguana.
The iguana is lightly wounded.
The iguana barely misses you.
You hit the iguana. You grab the iguana.
The iguana is moderately wounded.
You constrict the iguana, but do no damage.
The iguana bites you.
* * * LOW HITPOINT WARNING * * *
You hit the iguana. You squeeze the iguana.
The iguana is severely wounded.
You constrict the iguana, but do no damage.
The iguana bites you!
You die... # # .####.###.# ......l@†.# ####.$##### #. #

You could see an iguana.

Vanquished Creatures
  A sky beast (D:3)
  A scorpion (D:5)
  A hound (D:5)
  A gnoll bouda (D:4)
  An iguana (D:4)
  A hell rat (Sewer)
  Robin (D:3)
  6 gnolls
  5 river rats (Sewer)
  2 adders
  A dart slug (D:1)
  An orc (D:4)
  5 ball pythons
  8 endoplasms
  8 giant cockroaches
  15 goblins
  7 hobgoblins
  6 jackals (D:4)
  3 kobolds
  5 quokkas
  3 bats (D:3)
  3 frilled lizards
  11 rats
96 creatures vanquished.

Vanquished Creatures (others)
  278 foxfires
278 creatures vanquished.

Grand Total: 374 creatures vanquished

Notes
Turn   | Place    | Note
-------+----------+-------------------------------------------
     0 | D:1      | Conn the Octopode Fire Elementalist began the quest for the
                  | Orb.
     0 | D:1      | Reached XP level 1. HP: 11/11 MP: 3/3
   254 | D:1      | Reached XP level 2. HP: 17/17 MP: 5/5
   427 | D:1      | Found Wuekio's Magic Scroll Shop.
   548 | D:1      | Found Qenyemeg's Magic Scroll Emporium.
  1045 | D:2      | Reached XP level 3. HP: 21/21 MP: 1/6
  1531 | D:2      | Reached XP level 4. HP: 27/27 MP: 8/8
  2293 | D:3      | Learned a level 2 spell: Scorch
  2297 | D:3      | Learned a level 3 spell: Inner Flame
  2301 | D:3      | Noticed Robin
  2407 | D:3      | Killed Robin
  2561 | D:3      | Found a runed translucent door.
  2561 | D:3      | Noticed Kiciri's ghost (amateur DjDe)
  2746 | D:3      | Found Ajunal's Armour Emporium.
  2951 | D:3      | Found a glowing silver altar of Zin.
  3020 | D:3      | Noticed a sky beast
  3030 | D:3      | Killed a sky beast
  3031 | D:3      | Reached XP level 5. HP: 20/31 MP: 1/9
  3206 | D:3      | Learned a level 4 spell: Flame Wave
  3299 | D:4      | Reached XP level 6. HP: 27/36 MP: 5/11
  3392 | D:4      | Learned a level 1 spell: Summon Small Mammal
  3434 | D:4      | Found a glowing drain.
  3487 | Sewer    | Entered a sewer
  3575 | Sewer    | Reached skill level 1 in Necromancy
  4035 | D:5      | Entered Level 5 of the Dungeon
  4038 | D:5      | Gained mutation: You are partially covered in iridescent
                  | scales. (AC +2) [potion of mutation]
  4043 | D:5      | Reached XP level 7. HP: 14/42 MP: 1/13
  4049 | D:5      | Slain by an iguana

Illustrated notes

Levels and vault maps discovered:
D:1:      dpeg_arrival_arbitrary_a, layout_loops_cross, serial_shops,
          nicolae_square_shop, shop, minmay_surrounded
D:2:      layout_basic
D:3:      minmay_wonky_spiral, layout_loops_corners,
          mainiacjoe_overflow_chevrons, serial_shops, shop,
          hellmonk_ghost_happy_afterlife, uniq_robin
D:4:      layout_cave_pools, minmay_temple_entry_hall,
          ebering_ghost_inner_flame, portal_sewer_entry_f
D:5:      layout_loops_cross, uniq_crazy_yiuf_cottage, uniq_prince_ribbit1

Skill      XL: |  1  2  3  4  5  6 |
---------------+-------------------+-----
Stealth        | 3 4 |  4.2
Conjurations   | 2 3 |  3.3
Spellcasting   | 3 4 |  4.2
Necromancy     | 1 |  1.8
Fire Magic     | 4 |  4.2
Fighting       | |  0.8
Short Blades   | |  0.1
Staves         | |  0.6
Dodging        | |  2.3
Shields        | |  0.2

Action                     |  1- 3 |  4- 6 |  7- 9 || total
---------------------------+-------+-------+-------++-------
  Melee: Constrict         |     5 |    14 |     2 ||    21
         Dagger            |     4 |       |       ||     4
         Tentacles         |     5 |    12 |     1 ||    18
         Unarmed           |     1 |       |       ||     1
         Staff             |    12 |    45 |     6 ||    63
   Cast: Foxfire           |    37 |   118 |       ||   155
         Scorch            |       |     6 |       ||     6
         Inner Flame       |       |     1 |       ||     1
  Evoke: Wand              |       |     1 |       ||     1
    Use: Scroll            |       |     8 |       ||     8
         Potion            |       |     3 |     1 ||     4
   Stab: Sleeping          |       |     2 |       ||     2
 Armour: Skin              |       |     6 |       ||     6
  Dodge: Dodged            |     6 |    52 |     3 ||    61
  Block: Other             |     1 |    18 |     3 ||    22

Table legend: (Time is in decaauts)
 A = Elapsed time spent in this place.
 B = Non-inter-level travel time spent in this place.
 C = Inter-level travel time spent in this place.
 D = Time resting spent in this place.
 E = Time spent auto-exploring this place.
 F = Levels seen in this place.
 G = Mean time per level.
                   A        B        C        D        E       F      G
               +--------+--------+--------+--------+--------+-----+--------+
         Total |   4066 |   3973 |     93 |    222 |   2743 |   6 |  677.7 |
       Dungeon |   3650 |   3557 |     93 |    157 |   2518 |   5 |  730.0 |
         Sewer |    416 |    416 |      0 |     65 |    225 |   1 |  416.0 |
               +--------+--------+--------+--------+--------+-----+--------+

Top non-repeatable levels by time:
     D:3: 1268 daAuts
     D:2: 1144 daAuts
     D:1: 824 daAuts
   Sewer: 416 daAuts
     D:4: 399 daAuts
     D:5: 14 daAuts
